 Dungeon Crawl Stone Soup version 0.32-a0-893-gf85d74f360 (webtiles) character file.

Game seed: 3204685494225412347

23043 Lanoc the Grappler (level 12, -1/105 HPs)
             Began as a Pale Draconian Shapeshifter on Apr 3, 2024.
             Was an Elder of Beogh.
             Slain by a red ugly thing (16 damage)
             ... on level 13 of the Dungeon.
             The game lasted 00:20:09 (16055 turns).

Lanoc the Grappler (Pale Draconian Shapeshifter)   Turns: 16055, Time: 00:20:09

Health: -1/105     AC:  8    Str: 21    XL:     12   Next: 68%
Magic:  12/12      EV: 18    Int: 11    God:    Beogh [****..]
Gold:   403        SH:  0    Dex: 11    Spells: 11/11 levels left

rFire   . .          .
                       - Unarmed
rCold   + . .        (shield currently unavailable)
rNeg    . . .        (body armour unavailable)
rPois   .            (helmet restricted)
rElec   .            (no cloak)
rCorr   .            (no gloves)
SInv    .            (no boots)
Will    .....        (no amulet)
Stlth   +            G - ring of wizardry
HPRegen 0.37/turn    g - ring of protection from cold
MPRegen 0.13/turn

%: wizardry (x1)
@: flux-form, glowing
A: glow, contaminating, steam breath, AC +8, unfitting armour, cold-blooded,
steam resistance
a: Steam Breath, Begin Untransformation, Renounce Religion, Smiting, Recall
Apostles, Dismiss Zartorak, wizard, Dismiss Herok, priest


You were on level 13 of the Dungeon.
You worshipped Beogh.
Beogh was greatly pleased with you.
You were something dangerously unstable.
You visited 2 branches of the dungeon, and saw 15 of its levels.
You also visited: Sewer.

You collected 802 gold pieces.
You spent 399 gold pieces at shops.

Inventory:

Missiles
 o - 3 throwing nets
 y - 5 curare-tipped darts
Jewellery
 g - a ring of protection from cold (right hand)
 G - a ring of wizardry (left hand)
 J - a ring of ice
Talismans
 b - a beast talisman
 c - a flux talisman (active)
Wands
 e - a wand of polymorph (10)
 n - a wand of roots (33)
 u - a wand of mindburst (16)
 w - a wand of paralysis (16)
Scrolls
 d - 3 scrolls of silence {unknown}
 f - 5 scrolls of enchant weapon {unknown}
 h - 6 scrolls of amnesia {unknown}
 k - 9 scrolls of teleportation
 m - 3 scrolls of fear {unknown}
 p - 5 scrolls of vulnerability {unknown}
 q - 2 scrolls of revelation {unknown}
 s - 2 scrolls of blinking {unknown}
 t - 2 scrolls of immolation {unknown}
 v - 4 scrolls of noise {unknown}
 x - 3 scrolls of torment {unknown}
Potions
 a - 2 potions of lignification
 j - a potion of might
 l - 3 potions of enlightenment
 r - 4 potions of haste
 z - 3 potions of brilliance
 A - a potion of cancellation
 B - 2 potions of mutation
 C - a potion of degeneration {unknown}
 D - a potion of magic {unknown}
 E - a potion of invisibility {unknown}
 F - a potion of attraction
 I - a potion of resistance {unknown}


   Skills:
 + Level 9.6 Fighting
 + Level 8.2 Dodging
 * Level 12.9 Unarmed Combat
 * Level 12.0 Shapeshifting


You had 11 spell levels left.
You didn't know any spells.
Your spell library contained the following spells:

 Spells                   Type           Power      Damage    Failure   Level
 Apportation              Tloc           0%         N/A       14%         1
 Kiss of Death            Conj/Necr      0%         2d5       14%         1
 Magic Dart               Conj           0%         1d3       14%         1
 Necrotise                Necr           0%         1d4       14%         1
 Sting                    Conj/Alch      0%         1d3       14%         1
 Summon Small Mammal      Summ           0%         N/A       14%         1
 Jinxbite                 Hex            0%         N/A       21%         2
 Searing Ray              Conj           0%         2d4       21%         2
 Call Canine Familiar     Summ           0%         N/A       38%         3
 Confusing Touch          Hex            0%         N/A       38%         3
 Dazzling Flash           Conj/Hex       0%         N/A       38%         3
 Sigil of Binding         Hex            0%         N/A       38%         3
 Volatile Blastmotes      Fire/Tloc      0%         2d10      38%         3
 Cause Fear               Hex            0%         N/A       77%         4
 Dimensional Bullseye     Hex/Tloc       0%         N/A       77%         4
 Dispel Undead            Necr           0%         3d6       77%         4
 Fulminant Prism          Conj/Alch      0%         3d5       77%         4
 Iskenderun's Mystic Bla Conj/Tloc 0%             2d3        (+2d1     77%         4
 Vhi's Electric Charge    Tloc/Air       0%         N/A       77%         4
 Alistair's Intoxication  Alch           0%         N/A       98%         5
 Arcjolt                  Conj/Air       0%         1d10      98%         5
 Fireball                 Conj/Fire      0%         3d3       98%         5
 Plasma Beam              Fire/Air       0%         2x1d10    100%        6
 Starburst                Conj/Fire      0%         6d3       100%        6
 Maxwell's Capacitive Co  Air            0%         ∞         100%        8
 Dragon's Call            Summ           0%         N/A       100%        9


Dungeon Overview and Level Annotations

Branches:
Dungeon (14/15)            Temple (1/1) D:7            Lair (0/5) D:10
    Orc (0/2) D:12          Sewer (visited)
 Vaults: D:13-14

Altars:
Ashenzari
Cheibriados
Dithmenos
Elyvilon
Fedhas
Gozag
Hepliaklqana
Kikubaaqudgha
Makhleb
Nemelex Xobeh
Okawaru
Qazlal
Ru
Sif Muna
Trog
Uskayaw
Vehumet
Wu Jian
Xom
Yredelemnul
Zin
The Shining One

Shops:
D:8 =(!(?

Annotations:
D:12 2 transporters, Picsou's ghost, journeyman MiFi


Innate Abilities, Weirdness & Mutations

You are something dangerously unstable.
You glow with magical radiation, making you easy to see and hit.
Foes you strike become dangerously contaminated with magical radiation.
You are incapable of wielding weapons or throwing items.
Your facial features look somewhat orcish.
You can breathe blasts of scalding, opaque steam.
Your pale cyan-grey scales are hard. (AC +8)
You cannot fit into any form of body armour.
You are cold-blooded and may be slowed by cold attacks.
You are immune to the effects of steam.


Message History

The purple ugly thing is lightly wounded.
The purple ugly thing misses you.
You punch the purple ugly thing!
The purple ugly thing glows dangerously bright.
The purple ugly thing is moderately wounded.
You hit the purple ugly thing.
The purple ugly thing shudders as magic cascades through it!!
The purple ugly thing basks in the mutagenic energy and changes!
Your tail-slap misses the cyan ugly thing.
The cyan ugly thing is severely wounded.
You punch the cyan ugly thing!
The cyan ugly thing begins to glow.
The cyan ugly thing is almost dead.
The cyan ugly thing tentacle-slaps you! The cyan ugly thing shocks you!
You barely miss the cyan ugly thing.
The cyan ugly thing is almost dead.
The cyan ugly thing barely misses you.
You punch the cyan ugly thing!
The cyan ugly thing glows dangerously bright.
You tail-slap the cyan ugly thing, but do no damage.
The cyan ugly thing is almost dead.
The cyan ugly thing tentacle-slaps you! The cyan ugly thing shocks you!
* * * LOW HITPOINT WARNING * * *
You hit the cyan ugly thing.
The cyan ugly thing shudders as magic cascades through it.
The cyan ugly thing basks in the mutagenic energy and changes!
The red ugly thing is almost dead.
You barely miss the red ugly thing.
The red ugly thing is almost dead.
The red ugly thing punches you.
* * * LOW HITPOINT WARNING * * *
You are engulfed in flames!!
* * * LOW HITPOINT WARNING * * *
You feel better. The red ugly thing misses you.
You closely miss the red ugly thing.
You tail-slap the red ugly thing, but do no damage.
The red ugly thing is almost dead.
The red ugly thing punches you.
* * * LOW HITPOINT WARNING * * *
You are engulfed in flames!
You die...

###.....#### ######.## ##
###.###### #######.# .#
#........# #.......# .#
#....>...# ###'######## .#
#........# #..........# .#
#........# #..........# .#
#........# #.>........# .#
#..†.....####..........#
.#####....)...#.puD.........#
..............#.##..........#
.#####.......)#.##..........#
.# #.......)).##..........#
.# #.......)####..........#
## #####.#### ####'#######
#..# #....# # #####'## ####.#
# #......# #####.#####


You could see a red ugly thing and an acid dragon.

Vanquished Creatures
  An entropy weaver (shapeshifter) (D:13)
  Fannar (D:12)
  A hydra (D:9)
  2 centaur warriors (D:13)
  The ghost of Gonzollydolly the Destroyer, a journeyman OpEE of Gozag (D:11)
  3 boulder beetles
  3 two-headed ogres
  Nergalle (D:12)
  4 skeletal warriors (D:13)
  A deep elf pyromancer (D:13)
  2 manticores
  2 unseen horrors
  Jeremiah (D:6)
  A kobold demonologist (D:11)
  4 trolls
  2 hornets
  2 slime creatures (D:12)
  3 shadows
  2 wraiths
  6 yaks
  A steam dragon (D:5)
  4 vampire mosquitoes (D:12)
  2 acid dragons
  3 water moccasins
  3 orc warriors
  An ice beast (D:5)
  A sky beast (D:8)
  Pargi (Sewer)
  4 black bears
  2 ogres
  8 centaurs
  2 phantoms
  2 kobold brigands
  A brain worm (Sewer)
  5 bullfrogs
  5 scorpions
  4 wights (D:8)
  11 killer bees
  3 electric eels (D:10)
  3 howler monkeys
  2 bombardier beetles
  2 hounds
  2 jellies
  7 orc priests
  A gnoll bouda (D:8)
  5 sleepcaps
  2 iguanas
  4 orc wizards
  3 gnolls (D:8)
  A river rat (D:6)
  5 adders
  4 white imps
  2 dart slugs
  13 orcs
  4 ball pythons
  4 bats
  6 endoplasms
  6 giant cockroaches
  7 goblins
  3 hobgoblins
  12 jackals
  17 kobolds
  3 quokkas
  A frilled lizard (D:2)
  7 rats
  A spectral goblin (D:4)
233 creatures vanquished.

Vanquished Creatures (collateral kills)
  Sonja (D:11)
  Maurice (D:12)
  A manticore (D:12)
  A hornet (D:11)
  A slime creature (D:12)
  3 yaks (D:11)
  A vampire mosquito (D:12)
  A killer bee (D:11)
  An orc (D:12)
11 creatures vanquished.

Vanquished Creatures (others)
  3 orc apostles
  7 orcs
  37 foxfires
47 creatures vanquished.

Grand Total: 291 creatures vanquished

Notes
Turn   | Place    | Note
-------+----------+-------------------------------------------
     0 | D:1      | Lanoc the Draconian Shapeshifter began the quest for the
                  | Orb.
     0 | D:1      | Reached XP level 1. HP: 16/16 MP: 1/1
   173 | D:1      | Found a faded altar of an unknown god.
   202 | D:1      | Reached XP level 2. HP: 23/23 MP: 2/2
   887 | D:2      | Reached XP level 3. HP: 17/28 MP: 3/3
   899 | D:2      | HP: 1/29 [rat (3)]
  1074 | D:2      | You fall into a shaft and drop 1 floor!
  1260 | D:3      | Reached XP level 4. HP: 4/36 MP: 4/4
  1260 | D:3      | HP: 1/36 [burnt (3)]
  1594 | D:3      | Found a stormy altar of Qazlal.
  2834 | D:4      | Noticed a black bear
  2841 | D:4      | Killed a black bear
  2842 | D:4      | Reached XP level 5. HP: 41/42 MP: 5/5
  3018 | D:4      | Noticed a phantom
  3042 | D:4      | Killed a phantom
  3043 | D:4      | Reached XP level 6. HP: 43/50 MP: 6/6
  3739 | D:4      | Found a hazy altar of Hepliaklqana.
  3874 | D:5      | Entered Level 5 of the Dungeon
  3904 | D:5      | Reached skill level 5 in Unarmed Combat
  3956 | D:5      | Reached skill level 5 in Shapeshifting
  3956 | D:5      | Your scales start taking on a pale cyan-grey colour.
  3956 | D:5      | Reached XP level 7. HP: 22/57 MP: 7/7
  3956 | D:5      | Gained mutation: You are immune to the effects of steam.
                  | [Pale Draconian growth]
  4099 | D:5      | Found a glowing silver altar of Zin.
  4178 | D:5      | Became a worshipper of Beogh the Shepherd
  4212 | D:5      | Noticed a steam dragon
  4225 | D:5      | Killed a steam dragon
  4683 | D:5      | Reached XP level 8. HP: 41/66 MP: 8/8
  5072 | D:6      | Found a snail-covered altar of Cheibriados.
  5108 | D:6      | Found a glowing drain.
  5126 | Sewer    | Entered a sewer
  5135 | Sewer    | Noticed Pargi
  5147 | Sewer    | Killed Pargi
  5347 | Sewer    | Reached * piety under Beogh
  5628 | D:6      | Noticed Jeremiah
  5671 | D:6      | Killed Jeremiah
  5836 | D:6      | Reached skill level 5 in Fighting
  6170 | D:6      | Reached XP level 9. HP: 74/74 MP: 9/9
  6706 | D:7      | Killed an unseen horror
  7004 | D:7      | Reached skill level 5 in Dodging
  7209 | D:7      | Found a staircase to the Ecumenical Temple.
  7235 | D:8      | Found Puloek's Magic Scroll Boutique.
  7258 | Temple   | Entered the Ecumenical Temple
  7337 | D:7      | Found a blossoming altar of Fedhas.
  7339 | D:7      | Found a shadowy altar of Dithmenos.
  7630 | D:8      | Reached ** piety under Beogh
  7740 | D:8      | Bought a scroll of teleportation for 39 gold pieces
  7740 | D:8      | Bought a scroll of identify for 26 gold pieces
  7740 | D:8      | Bought a scroll of identify for 26 gold pieces
  7762 | D:8      | Found Ungeushri's Antique Weapon Shoppe.
  7967 | D:8      | Found an ornate altar of the Wu Jian Council.
  8063 | D:8      | Found Ilirud's Antique Weapon Shoppe.
  8114 | D:8      | Found Quocumnush's Jewellery Shoppe.
  8331 | D:8      | Found Ynleukk's Distillery.
  8339 | D:8      | Bought 2 potions of haste for 220 gold pieces
  8339 | D:8      | Bought a potion of mutation for 88 gold pieces
  8570 | D:9      | Killed an unseen horror
  8571 | D:9      | Reached XP level 10. HP: 46/84 MP: 10/10
  9137 | D:9      | Reached *** piety under Beogh
  9155 | D:9      | Noticed a two-headed ogre
  9242 | D:8      | Identified the +1 robe of Limitation {rN+}
  9242 | D:8      | Noticed Zartorak
  9253 | D:8      | Anointed Zartorak the wizard as your apostle
  9465 | D:9      | Noticed a seven-headed hydra
  9470 | D:9      | Your ally Zartorak died
  9576 | D:9      | Killed a two-headed ogre
  9635 | D:9      | Killed a seven-headed hydra
 10147 | D:10     | Entered Level 10 of the Dungeon
 10151 | D:10     | Found a shimmering altar of Xom.
 10281 | D:10     | Found a staircase to the Lair.
 10400 | D:10     | Reached skill level 10 in Unarmed Combat
 10534 | D:10     | Found a glowing golden altar of the Shining One.
 10550 | D:10     | Found a basalt altar of Yredelemnul.
 10557 | D:10     | Noticed a profane servitor
 10583 | D:10     | Noticed a two-headed ogre
 10590 | D:10     | Killed a two-headed ogre
 10594 | D:10     | Paralysed by a hornet for 2 turns
 11145 | D:10     | Reached XP level 11. HP: 85/92 MP: 11/11
 11176 | D:10     | Identified the +4 hand axe of the Nightmares {antimagic,
                  | rF+ Int+2}
 11176 | D:10     | Noticed Herok
 11200 | D:10     | Anointed Herok the priest as your apostle
 11719 | D:11     | Noticed a boulder beetle
 11730 | D:11     | Killed a boulder beetle
 11869 | D:11     | Noticed Sonja
 11875 | D:11     | Killed Sonja
 11876 | D:11     | Reached skill level 10 in Shapeshifting
 12322 | D:11     | Paralysed by a hornet for 3 turns
 12608 | D:11     | Noticed a soul eater
 12957 | D:11     | Found a runed translucent door.
 13109 | D:11     | Noticed Gonzollydolly's ghost (journeyman OpEE)
 13121 | D:11     | Killed Gonzollydolly's ghost
 13308 | D:12     | Found a staircase to the Orcish Mines.
 13443 | D:12     | Noticed a two-headed ogre
 13448 | D:12     | Killed a two-headed ogre
 13591 | D:12     | Noticed Maurice
 13595 | D:12     | Maurice stole a flux talisman
 13598 | D:12     | Killed Maurice
 13659 | D:12     | Noticed a boulder beetle
 13668 | D:12     | Killed a boulder beetle
 13671 | D:12     | Your ally Zartorak died
 14034 | D:12     | Reached XP level 12. HP: 82/103 MP: 12/12
 14201 | D:12     | Noticed Nergalle
 14210 | D:12     | Killed Nergalle
 14210 | D:12     | Reached **** piety under Beogh
 14317 | D:12     | Found a transporter.
 14317 | D:12     | Found a transporter.
 14317 | D:12     | Noticed Picsou's ghost (journeyman MiFi)
 14404 | D:12     | Noticed Fannar
 14411 | D:12     | Killed Fannar
 14629 | D:13     | Your ally Herok died
 14635 | D:13     | HP: 1/103 [skeletal warrior/+0 war axe (18)]
 14680 | D:13     | HP: 5/104 [skeletal warrior/+0 trident (13)]
 15002 | D:13     | Noticed a centaur warrior
 15013 | D:13     | Killed a centaur warrior
 15277 | D:13     | Noticed a centaur warrior
 15288 | D:13     | Killed a centaur warrior
 15580 | D:13     | Noticed a boulder beetle
 15829 | D:13     | Noticed an entropy weaver
 15840 | D:13     | Killed an entropy weaver
 16024 | D:13     | Killed a boulder beetle
 16055 | D:13     | Slain by a red ugly thing

Illustrated notes

Levels and vault maps discovered:
D:1:      dpeg_arrival_round_b, layout_basic,
          shapermc_ecumenical_altar_flowoftime
D:2:      layout_basic, st_stairs_5
D:3:      layout_loops_corners, mainiacjoe_overflow_boulevard, minivault_19
D:4:      layout_basic, nicolae_hepliaklqana_monster_ancestors
D:5:      layout_loops_ring, kennysheep_mini_moat, hellmonk_no_cap
D:6:      layout_basic, mainiacjoe_overflow_tiny_flanked, portal_sewer_entry_b,
          minivault_22, uniq_jeremiah
D:7:      layout_basic, grunt_temple_overflow_open, minmay_temple_entry_mist,
          dk_vineyard_2, hangedman_abyss_or_decor_passed,
          kennysheep_small_circle
D:8:      layout_loops_ring, nicolae_wu_jian_immortal_techniques, serial_shops,
          nicolae_shop_advertising_works [nicolae_subvault_shop_adworks],
          nicolae_diamond_shop, shop, nicolae_shop_overgrown_old_shop,
          nicolae_shop_tiny_glass
D:9:      layout_stronghold
D:10:     layout_basic, grunt_temple_overflow_holy_war,
          mainiacjoe_overflow_six_doors_small, dpeg_oklobed_lair
D:11:     layout_stronghold, ebering_ghost_reflecting_pool, uniq_sonja
D:12:     layout_roguey, david_orc_2, gammafunk_ghost_hive, uniq_fannar,
          uniq_nergalle, uniq_maurice
D:13:     layout_roguey
D:14:     layout_roguey, lightli_vaults_fourway_checkpoint,
          kennysheep_pointless_box, uniq_frances
Temple:   nicolae_temple_no_exploring_needed

Skill      XL: |  1  2  3  4  5  6  7  8  9 10 11 12 |
---------------+-------------------------------------+-----
Dodging        | 2 3 4 5 6 7 8 |  8.2
Fighting       | 2 3 4 5 6 7 8 9 |  9.6
Unarmed Combat | 4 5 6 7 9 10 11 12 | 12.9
Shapeshifting  | 4 5 7 8 9 11 12 | 12.0

Action                     |  1- 3 |  4- 6 |  7- 9 | 10-12 || total
---------------------------+-------+-------+-------+-------++-------
  Melee: Unarmed           |   103 |   146 |   283 |   379 ||   911
         Tailslap          |     5 |    21 |    44 |    71 ||   141
         Punch             |     1 |     3 |    12 |     3 ||    19
  Throw: Throwing net      |       |       |     1 |       ||     1
 Invoke: Convert to Beogh  |       |       |     1 |       ||     1
         Recruit Apostle   |       |       |       |     2 ||     2
Ability: Steam Breath      |       |       |     9 |     9 ||    18
  Evoke: Wand              |       |       |       |    10 ||    10
    Use: Potion            |     2 |     1 |     1 |     7 ||    11
         Scroll            |       |       |     5 |     1 ||     6
   Stab: Distracted        |       |       |       |     1 ||     1
 Armour: Skin              |    57 |    94 |   234 |   281 ||   666
  Dodge: Dodged            |    79 |    72 |   154 |   376 ||   681
   Form: Flux              |       |       |       |     1 ||     1

Table legend: (Time is in decaauts)
 A = Elapsed time spent in this place.
 B = Non-inter-level travel time spent in this place.
 C = Inter-level travel time spent in this place.
 D = Time resting spent in this place.
 E = Time spent auto-exploring this place.
 F = Levels seen in this place.
 G = Mean time per level.
                   A        B        C        D        E       F      G
               +--------+--------+--------+--------+--------+-----+--------+
         Total |  15929 |  15423 |    506 |    892 |  12547 |  16 |  995.6 |
       Dungeon |  15671 |  15165 |    506 |    892 |  12350 |  14 | 1119.4 |
        Temple |      1 |      1 |      0 |      0 |      0 |   1 |    1.0 |
         Sewer |    256 |    256 |      0 |      0 |    197 |   1 |  256.0 |
               +--------+--------+--------+--------+--------+-----+--------+

Top non-repeatable levels by time:
    D:12: 1569 daAuts
    D:11: 1554 daAuts
    D:10: 1488 daAuts
     D:9: 1429 daAuts
     D:5: 1279 daAuts
    D:13: 1237 daAuts
     D:6: 1233 daAuts
     D:8: 1090 daAuts
     D:4: 1036 daAuts
     D:3: 1004 daAuts
     D:2: 1001 daAuts
     D:7: 940 daAuts
     D:1: 806 daAuts
   Sewer: 256 daAuts
  Temple: 1 daAuts
